 Dungeon Crawl Stone Soup version 0.29-a0-830-gcb1280458a (webtiles) character file.

Game seed: 6906568273647837833

1118 magipi the Chopper (level 8, -6/67 (69) HPs)
             Began as a Meteoran Berserker on July 11, 2022.
             Was a Priest of Trog.
             Mangled by a yak (10 damage)
             ... on level 7 of the Dungeon.
             The game lasted 00:11:07 (2049 turns).

magipi the Chopper (Meteoran Berserker)             Turns: 2049, Time: 00:11:08

HP:   -6/67 (69)    AC: 11    Str: 22    XL:     8   Next: 91%
MP:   9/9           EV: 10    Int:  8    God:    Trog [***...]
Gold: 341           SH:  0    Dex: 13    Spells: 7/7 levels left

rFire   . . .      SeeInvis .   a - +0 hand axe
rCold   . . .      Faith    +   (no shield)
rNeg    . . .      Spirit   .   n - +0 chain mail
rPois   .          Reflect  .   p - +0 helmet
rElec   .          Harm     .   (no cloak)
rCorr   .          Rampage  .   (no gloves)
Will    +++..                   (no boots)
Stlth   ..........              r - amulet of faith
HPRegen 1.21/turn               (no ring)
MPRegen 0.11/turn               (no ring)

@: strong-willed, on berserk cooldown, regenerating, slowed, glowing, lightly
drained, very slow
A: sense surroundings 1, otherworldly, glowing, explore regen
a: Renounce Religion, Berserk, Trog's Hand


You were on level 7 of the Dungeon.
You worshipped Trog.
Trog was most pleased with you.
You visited 1 branch of the dungeon, and saw 7 of its levels.
You also visited: Sewer.

You collected 341 gold pieces.

Inventory:

Hand Weapons
 a - a +0 hand axe (weapon)
Missiles
 l - 3 boomerangs (quivered)
Armour
 n - a +0 chain mail (worn)
   (You found it on level 3 of the Dungeon)
 p - a +0 helmet (worn)
   (You found it on level 6 of the Dungeon)
Jewellery
 r - an amulet of faith (around neck)
   (You found it on level 4 of the Dungeon)
Scrolls
 e - 4 scrolls of enchant armour {unknown}
 h - a scroll of poison {unknown}
 i - 3 scrolls of teleportation {unknown}
 j - 2 scrolls of amnesia {unknown}
 k - 2 scrolls of identify {unknown}
 m - a scroll of noise {unknown}
 s - a scroll of blinking {unknown}
 t - 2 scrolls of fear {unknown}
Potions
 b - 7 potions of heal wounds {unknown}
 c - a potion of haste {unknown}
 d - a potion of ambrosia {unknown}
 f - a potion of cancellation {unknown}
 g - a potion of magic {unknown}
 o - a potion of flight {unknown}
 q - a potion of curing {unknown}


   Skills:
 + Level 5.5 Fighting
 * Level 7.8 Axes
 + Level 3.2 Throwing
 + Level 5.3 Armour
 + Level 5.3 Dodging


You had 7 spell levels left.
You didn't know any spells.
Your spell library was empty.

Dungeon Overview and Level Annotations

Branches:
Dungeon (7/15) Zot: 2561   Temple (0/1) D:6           Sewer (visited)

Altars:
Cheibriados
Nemelex Xobeh
Ru
Trog

Shops:
D:7 *


Innate Abilities, Weirdness & Mutations

You passively map a small area around you.
You are easily found by Zot.
You glow in the dark.
You regain HP and MP as you explore.


Message History

You see here 12 gold pieces.
The centaur shoots an arrow.
The arrow hits you.
* * * LOW HITPOINT WARNING * * *
You hear a bellow!
A yak comes into view.
The centaur shoots an arrow.
The arrow hits you.
* * * LOW HITPOINT WARNING * * *
Your skin crawls.
You feel strong-willed.
A red film seems to cover your vision as you go berserk!
You feel yourself moving faster!
You feel mighty! The yak barely misses you.
You barely miss the yak. The yak gores you.
You slash the yak!
The yak is lightly wounded.
The centaur shoots an arrow.
The arrow hits you but does no damage.
You closely miss the yak.
The yak is lightly wounded.
The yak barely misses you.
You hit the yak.
The yak is moderately wounded.
The centaur shoots an arrow.
The arrow hits you!
* * * LOW HITPOINT WARNING * * *
The yak gores you but does no damage.
You hear a bellow!
You hit the yak. Your punch misses the yak.
The yak is moderately wounded.
You are no longer corroded.
The centaur shoots an arrow.
The arrow hits you.
* * * LOW HITPOINT WARNING * * *
2 yaks come into view.
The yak bellows!
The centaur unwields a +0 shortbow.
The centaur hits you but does no damage.
The centaur kicks you but does no damage.
The yak moves out of view.
Unknown command.
You barely miss the centaur. You slash the yak! The centaur hits you.
* * * LOW HITPOINT WARNING * * *
The centaur kicks you but does no damage.
The yak barely misses you.
You hit the yak.
The yak is almost dead.
You slash the centaur! The centaur barely misses you. x2
Unknown command.
You hit the yak.
The yak is almost dead.
You hit the centaur. The yak gores you.
* * * LOW HITPOINT WARNING * * *
The centaur hits you but does no damage.
The centaur kicks you but does no damage.
You hit the yak.
You kill the yak!
Trog accepts your kill.
You barely miss the centaur.
The centaur hits you but does no damage.
The centaur completely misses you.
Your Throwing skill increases to level 3!
You slash the centaur!
You kill the centaur!
Trog accepts your kill.
Unknown command.
A yak comes into view.
The yak closely misses you.
A yak comes into view.
Things that are here:
a +0 shortbow; a centaur corpse You hit the yak.
The yak is lightly wounded.
Unknown command.
You slash the yak!
The yak is moderately wounded.
The yak gores you but does no damage.
Unknown command.
You completely miss the yak. You punch the yak.
The yak is moderately wounded.
You slash the yak! The yak gores you.
* * * LOW HITPOINT WARNING * * *
The yak misses you.
You hit the yak but do no damage.
The yak is moderately wounded.
You slash the yak!
Unknown command.
You slash the yak!
The yak is heavily wounded.
You hit the yak. The yak gores you but does no damage. The yak gores you.
* * * LOW HITPOINT WARNING * * *
You hit the yak.
The yak is severely wounded.
You barely miss the yak.
You are no longer berserk.
You are exhausted.
You feel yourself slow down.
Unknown command.
You barely miss the yak.
The yak is severely wounded.
You barely miss the yak. The yak misses you. The yak gores you.
* * * LOW HITPOINT WARNING * * *
The yak closely misses you. The yak gores you but does no damage.
The yak attacks as you move away! The yak gores you!
You die...

,
.....####...........
...)..............#
..................#
, ......>...[###...#
* #.............###.
, #..$..............
, #.Y............##.
,
*#..YYY.#+#<.......
* ,,
####@..#,###....#. ,
#####...#, , .....
>, #.......#,* ###.
...........#,* , , ,
...........# , ≈≈ ≈
* , ###........# , ,
,.......#### * ≈ , ,
......... , , *,,
.......## * *


You could see 4 yaks.

Vanquished Creatures
  Sigmund (D:2)
  A yak (D:7)
  An ice beast (D:6)
  A black bear (D:4)
  A centaur (D:7)
  3 kobold brigands (Sewer)
  2 jellies
  An orc priest (D:6)
  2 orc wizards (D:6)
  7 adders
  3 gnolls (D:6)
  A shadow imp (D:6)
  A white imp (D:5)
  8 worms
  2 dart slugs (D:1)
  6 orcs
  6 endoplasms
  3 giant cockroaches
  A goblin (D:3)
  2 hobgoblins
  2 jackals (D:4)
  7 kobolds
  5 quokkas
  7 ball pythons
  4 bats
  9 rats
87 creatures vanquished.

Vanquished Creatures (others)
  3 fungi (D:4)
  4 toadstools (D:4)
7 creatures vanquished.

Grand Total: 94 creatures vanquished

Notes
Turn   | Place    | Note
-------+----------+-------------------------------------------
     0 | D:1      | magipi the Meteoran Berserker began the quest for the Orb.
     0 | D:1      | Reached XP level 1. HP: 19/19 MP: 2/2
    89 | D:1      | Reached XP level 2. HP: 12/26 MP: 3/3
   144 | D:1      | Reached skill level 4 in Axes
   251 | D:2      | Reached XP level 3. HP: 31/31 MP: 4/4
   334 | D:2      | Noticed Sigmund
   343 | D:2      | Killed Sigmund
   344 | D:2      | Reached skill level 5 in Axes
   344 | D:2      | Reached XP level 4. HP: 40/40 MP: 5/5
   344 | D:2      | Reached XP level 5. HP: 46/46 MP: 6/6
   344 | D:2      | Reached XP level 6. HP: 52/52 MP: 7/7
   499 | D:2      | Found a sacrificial altar of Ru.
   588 | D:3      | Found a sparkling altar of Nemelex Xobeh.
   722 | D:4      | Found a snail-covered altar of Cheibriados.
   772 | D:4      | Noticed a black bear
   792 | D:4      | Killed a black bear
   793 | D:4      | Reached skill level 6 in Axes
   793 | D:4      | Reached skill level 1 in Throwing
   793 | D:4      | Reached XP level 7. HP: 22/60 MP: 8/8
   857 | D:4      | Reached ** piety under Trog
   968 | D:5      | Entered Level 5 of the Dungeon
   998 | D:6      | Found a staircase to the Ecumenical Temple.
  1182 | D:6      | Found a glowing drain.
  1186 | Sewer    | Entered a sewer
  1518 | Sewer    | Reached XP level 8. HP: 46/67 MP: 9/9
  1583 | Sewer    | Glimpsed the power of Zot.
  1592 | Sewer    | Reached skill level 5 in Fighting
  1622 | Sewer    | Glimpsed the power of Zot.
  1655 | Sewer    | Reached skill level 7 in Axes
  1659 | Sewer    | Glimpsed the power of Zot.
  1661 | Sewer    | Reached *** piety under Trog
  1667 | Sewer    | Touched by the power of Zot.
  1838 | D:7      | Found Isemnea's Overcharged Wands.
  1894 | D:5      | Found a bloodstained altar of Trog.
  1943 | D:6      | Reached skill level 5 in Armour
  1943 | D:6      | Reached skill level 5 in Dodging
  2026 | D:7      | Noticed a yak
  2035 | D:7      | Noticed a yak
  2035 | D:7      | Noticed a yak
  2039 | D:7      | Killed a yak
  2041 | D:7      | Noticed a yak
  2041 | D:7      | Noticed a yak
  2049 | D:7      | Mangled by a yak

Illustrated notes

Levels and vault maps discovered:
D:1:      reono_arrival_mine, layout_rooms, chequers_hall_statues_corner_a
D:2:      layout_rooms, basic_altar, minmay_hedge_maze, uniq_sigmund
D:3:      layout_loops_ring, mainiacjoe_overflow_paths,
          shapermc_ecumenical_altar_acropolis
D:4:      layout_loops_corners, cheibriados_altar_1, minmay_gold_behind_fungi
D:5:      layout_loops_corners, nicolae_overflow_hidden_temple
D:6:      layout_basic, minmay_temple_entry_mist, gup_sewer_entry_spiral
D:7:      nzn_winding_woodlands_cross
          [nzn_winding_woodlands_5x15_pathside_ponds,
          nzn_winding_woodlands_5x15_river_crossing,
          nzn_winding_woodlands_5x15_concentric,
          nzn_winding_woodlands_5x15_garden,
          nzn_winding_woodlands_15x15_eel_pit], layout_basic,
          jmf_multi_god_temple, nicolae_shop_overcharged_wands, uniq_menkaure

Skill      XL: |  1  2  3  4  5  6  7  8 |
---------------+-------------------------+-----
Axes           | 4 5 6 7 |  7.8
Fighting       | 4 5 |  5.5
Armour         | 3 4 5 |  5.3
Dodging        | 3 4 5 |  5.3
Throwing       | 1 2 3 |  3.2

Action                   |  1- 3 |  4- 6 |  7- 9 || total
-------------------------+-------+-------+-------++-------
Melee: Hand axe          |    67 |    68 |   263 ||   398
       Punch             |     1 |     2 |     7 ||    10
Invok: Berserk           |     4 |     2 |     4 ||    10
       Trog's Hand       |       |       |     1 ||     1
Armor: Animal skin       |     3 |       |       ||     3
       Scale mail        |    20 |    16 |       ||    36
       Ring mail         |     4 |       |       ||     4
       Chain mail        |       |    34 |   101 ||   135
Dodge: Dodged            |    41 |    39 |    80 ||   160

Table legend: (Time is in decaauts)
 A = Elapsed time spent in this place.
 B = Non-inter-level travel time spent in this place.
 C = Inter-level travel time spent in this place.
 D = Time resting spent in this place.
 E = Time spent auto-exploring this place.
 F = Levels seen in this place.
 G = Mean time per level.
                   A        B        C        D        E       F      G
               +--------+--------+--------+--------+--------+-----+--------+
         Total |   2299 |   2244 |     55 |      0 |     98 |   8 |  287.4 |
       Dungeon |   1638 |   1583 |     55 |      0 |     98 |   7 |  234.0 |
         Sewer |    660 |    660 |      0 |      0 |      0 |   1 |  660.0 |
               +--------+--------+--------+--------+--------+-----+--------+

Top non-repeatable levels by time:
   Sewer: 660 daAuts
     D:6: 447 daAuts
     D:2: 382 daAuts
     D:4: 292 daAuts
     D:1: 234 daAuts
     D:3: 119 daAuts
     D:7: 96 daAuts
     D:5: 66 daAuts
